 Dungeon Crawl Stone Soup version 0.32-a0-699-g1ee5eff69a (webtiles) character file.

Game seed: 13253874637513774149

3 ytrimaz the Caller (level 1, 13/13 HPs)
             Began as a Demonspawn Summoner on Mar 14, 2024.
             Quit the game on level 1 of the Dungeon.
             The game lasted 00:00:25 (151 turns).

ytrimaz the Caller (Demonspawn Summoner)             Turns: 151, Time: 00:00:25

Health: 13/13      AC:  2    Str:  8    XL:     1   Next: 41%
Magic:  2/3        EV: 11    Int: 15    God:
Gold:   11         SH:  0    Dex: 13    Spells: 3/4 levels left

rFire   . . .        (no weapon)
rCold   . . .        (no shield)
rNeg    . . .        a - +0 robe
rPois   .            (no helmet)
rElec   .            (no cloak)
rCorr   .            (no gloves)
SInv    .            (no boots)
Will    .....        (no amulet)
Stlth   ++           (no ring)
HPRegen 0.22/turn    (no ring)
MPRegen 0.08/turn

%: no passive effects
@: no status effects
A: no striking features
a: no special abilities


You were on level 1 of the Dungeon.
You visited 1 branch of the dungeon, and saw 1 of its levels.

You collected 11 gold pieces.


   Skills:
 - Level 1.7 Dodging
 - Level 1.7 Stealth
 + Level 2.1 Spellcasting
 + Level 4.1 Summonings


You had 3 spell levels left.
You knew the following spells:

 Your Spells              Type           Power      Damage    Failure   Level
a - Summon Small Mammal   Summ           52%        N/A       4%          1

Your spell library contained the following spells:

 Spells                   Type           Power      Damage    Failure   Level
 Call Imp                 Summ           26%        N/A       6%          2
 Call Canine Familiar     Summ           13%        N/A       12%         3
 Summon Blazeheart Golem  Fire/Summ      7%         N/A       67%         4
 Summon Lightning Spire   Summ/Air       7%         N/A       67%         4

Inventory:

Armour
 a - a +0 robe (worn)
Scrolls
 d - a scroll of identify {unknown}
Potions
 b - a potion of magic
 c - 2 potions of ambrosia {unknown}

Dungeon Overview and Level Annotations

Branches:
Dungeon (1/15) Zot: 5849

Altars:
# ######### #. #PPPPPPPP #. # #PPPPPPPP

##.## .# #PPPP....
....#######.# #PPP....P
####.#.#.#.#....####.P.PP...
#.>......r.@.:.......P.PP.PP
#..#.##+##.#..#####...PP.PP.
#.[.## #.P.P.PP.P #.+ +.###
#...P.P.PP ..# #..#
#)P.P.PP.P ##.##+##.##
#.P.PP.PP. # .........#


##.PP.PP.PP #.##.#.#.#.## #..PP.PPP.. .....##.#.#######.#PPP..PPP You could see
a friendly rat (summoned).


Message History

The bat dies! 😎 MP[+1]
Your mp is fully restored (3). 😎 MP[-1]
You lost 1 mp, and now have 2/3 mp.
Your quokka disappears in a puff of smoke!
Your bat hits the plant.
The plant begins to die.
Your bat hits the plant.
The plant begins to die.
Your bat hits the plant. 😎 MP[-1]
You lost 1 mp, and now have 1/3 mp.
Your bat hits the plant. x3; Your rat bites the plant.
The plant begins to die.
Your bat hits the plant. x3; Your rat bites the plant.
Your bat hits the plant. x3; Your rat bites the plant.
Your bat hits the plant. x3; Your rat bites the plant.
A nearby plant withers and dies. x2; Your bat hits the plant.
The plant begins to die.
Your bat hits the plant.
Your rat bites the plant.
A nearby plant withers and dies.
A nearby plant withers and dies.
You swap places.
Your rat disappears in a puff of smoke!
Key pressed, stopping explore.
You see here a +0 whip.
A goblin comes into view. It is wielding a +0 dagger.
Your bat disappears in a puff of smoke! 😎 MP[+2]
Your mp is fully restored (3).
A goblin is nearby!
A goblin is nearby!
A goblin is nearby!
You now have 11 gold pieces.
c - 2 fizzy purple potions A frilled lizard comes into view.
A frilled lizard is nearby!
A frilled lizard is nearby!
The frilled lizard hisses angrily. 😎 MP[-1]
You lost 1 mp, and now have 2/3 mp.
The frilled lizard attacks as it pursues you!
The frilled lizard bites you. 😕 HP[-1]
You take 1 damage, and now have 12/13 hp.
The frilled lizard attacks as it pursues you!
The frilled lizard barely misses you. 😎 HP[+1]
Your hp is fully restored (13).
You miss the frilled lizard. The frilled lizard misses you.
Your rat bites the frilled lizard.
The frilled lizard dies!
Unknown command.
You swap places.
d - a scroll labelled DODEITT VEMIGG 😎 MP[+1]
Your mp is fully restored (3).
A rat comes into view.
You see here a +0 ring mail.
A rat is nearby!
A rat is nearby!
A rat is nearby! 😎 MP[-1]
You lost 1 mp, and now have 2/3 mp.
Your rat disappears in a puff of smoke! 😎 MP[-1]
You lost 1 mp, and now have 1/3 mp.
A bat comes into view.
Your quokka bites the rat!
The rat dies!
Found a stone staircase leading down.
Your quokka bites the bat.
The bat hits your quokka but does no damage.
You swap places.
The bat hits your quokka. x2
The bat hits your quokka but does no damage.
You swap places.
Your quokka bites the bat.
The bat barely misses your quokka.
Your quokka closely misses the bat.
The bat barely misses your quokka.
A bat is nearby!
A bat is nearby!
Are you sure you want to abandon this character and quit the game? (Confirm with "yes".)
Okay, then.
A bat is nearby!
Unknown command.
A bat is nearby!
A bat is nearby!
Unknown command.
The bat closely misses your quokka. 😎 MP[+1]
The bat hits your quokka.
Your quokka bites the bat.
The bat hits your quokka but does no damage.
Your quokka closely misses the bat.
A bat is nearby!
A bat is nearby!
A bat is nearby!
The bat hits your quokka. x2
Your quokka dies!
Your quokka's corpse disappears in a puff of smoke!
The bat barely misses you.
A bat is nearby!
A bat is nearby!
A bat is nearby!
You swap places.
The bat closely misses your rat. The bat barely misses your rat.
Your rat bites the bat.
The bat dies!
Are you sure you want to abandon this character and quit the game? (Confirm with "yes".)

Action                     || total
---------------------------++-------
  Melee: Unarmed           ||     2
   Cast: Summon Small Mamm ||     6
 Armour: Robe              ||     1
  Dodge: Dodged            ||     3

Levels and vault maps discovered:
D:1:      roderic_crop_circles_arrival_small, layout_loops_ring,
          shapermc_ecumenical_altar_starsandcircs, minmay_misc_feat_doors,
          grunt_decor_mini_mirrors

Notes
Turn   | Place    | Note
-------+----------+-------------------------------------------
     0 | D:1      | ytrimaz the Demonspawn Summoner began the quest for the
                  | Orb.
     0 | D:1      | Reached XP level 1. HP: 13/13 MP: 3/3
     0 | D:1      | magus.rc [v1.9.6]
   151 | D:1      | Quit the game

Vanquished Creatures (collateral kills)
  2 bats (D:1)
  A frilled lizard (D:1)
  A rat (D:1)
4 creatures vanquished.

Table legend:
 A = Non-vault XP
 B = Vault XP
 C = Vault XP percentage of total XP
 D = Non-vault monster count
 E = Vault monster count
 F = Vault count percentage of total count
                 A         B        C        D         E       F
            +---------+---------+-------+---------+---------+-------
      Total |       5 |       0 |   0.0 |       4 |       0 |   0.0
            +---------+---------+-------+---------+---------+-------
        D:1 |       5 |       0 |   0.0 |       4 |       0 |   0.0
            +---------+---------+-------+---------+---------+-------

Action                     || total
---------------------------++-------
  Melee: Unarmed           ||     2
   Cast: Summon Small Mamm ||     6
 Armour: Robe              ||     1
  Dodge: Dodged            ||     3

Illustrated notes

Table legend:
 A = Kills in this place as a percentage of kills in the entire game.
 B = Kills by you in this place as a percentage of kills by you in the entire game.
 C = Kills by friends in this place as a percentage of kills by friends in the entire game.
 D = Other kills in this place as a percentage of other kills in the entire game.
 E = Experience gained in this place as a percentage of experience gained in the entire game.
 F = Experience gained in this place divided by the number of levels of this place that you have seen.
                   A       B       C       D       E      F
               +-------+-------+-------+-------+-------+----------------------
         Total | 100.0 |   N/A | 100.0 |   N/A | 100.0 |   5.0
       Dungeon | 100.0 |   N/A | 100.0 |   N/A | 100.0 |   5.0
               +-------+-------+-------+-------+-------+----------------------

Table legend: (Time is in decaauts)
 A = Elapsed time spent in this place.
 B = Non-inter-level travel time spent in this place.
 C = Inter-level travel time spent in this place.
 D = Time resting spent in this place.
 E = Time spent auto-exploring this place.
 F = Levels seen in this place.
 G = Mean time per level.
                   A        B        C        D        E       F      G
               +--------+--------+--------+--------+--------+-----+--------+
         Total |    151 |    151 |      0 |      0 |     88 |   1 |  151.0 |
       Dungeon |    151 |    151 |      0 |      0 |     88 |   1 |  151.0 |
               +--------+--------+--------+--------+--------+-----+--------+

Top non-repeatable levels by time:
     D:1: 151 daAuts
